 Dungeon Crawl Stone Soup version 0.24-a0-179-g7a2c91a (webtiles) character file.

Game seed: 8830996987287931895

12147 galech the Cleaver (level 11, -15/84 HPs)
             Began as a Demonspawn Fighter on Mar 13, 2019.
             Was a High Priest of Okawaru.
             Demolished by an orc warrior
             ... wielding a +2 glaive of venom
              (20 damage)
             ... on level 1 of the Orcish Mines.
             The game lasted 00:17:27 (11540 turns).

galech the Cleaver (Demonspawn Fighter)            Turns: 11540, Time: 00:17:27

Health: -15/84     AC: 17    Str: 21    XL:     11   Next: 58%
Magic:  12/12      EV:  8    Int:  9    God:    Okawaru [*****.]
Gold:   798        SH:  0    Dex: 20    Spells: 10/10 levels left

rFire    . . .     SeeInvis .   A - +6 battleaxe of Nean {vamp, Str+4}
rCold    . . .     Gourm    +   (shield currently unavailable)
rNeg     . . .     Faith    .   x - +0 plate armour
rPois    .         Spirit   .   (helmet restricted)
rElec    .         Reflect  .   w - +0 cloak
rCorr    .         Harm     .   (no gloves)
MR       .....                  (no boots)
Stlth    ..........             E - amulet of the gourmand
HPRegen  0.24/turn              D - +4 ring of dexterity
MPRegen  0.13/turn              (no ring)

@: lethally poisoned (-15 -> -27)
A: antennae 1, molten scales 2, nightstalker 1, powered by death 2
a: Heroism, Finesse, Renounce Religion


You were on level 1 of the Orcish Mines.
You worshipped Okawaru.
Okawaru was extremely pleased with you.
You were very full.

You visited 3 branches of the dungeon, and saw 12 of its levels.

You collected 798 gold pieces.

Inventory:

Hand Weapons
 t - a +0 broad axe
 A - the +6 battleaxe of Nean (weapon) {vamp, Str+4}
   (Okawaru gifted it to you on level 9 of the Dungeon)

   It inflicts no extra harm, but heals its wielder when it wounds a living foe.
   It affects your strength (+4).
 K - a +1 scimitar of flaming
Armour
 c - a +0 shield
 s - a +0 large shield
 w - a +0 cloak (worn)
 x - a +0 plate armour (worn)
 H - a +1 hat
 J - a +2 shield of reflection
Jewellery
 D - a +4 ring of dexterity (left hand)
 E - an amulet of the gourmand (around neck)
Wands
 u - a wand of paralysis (6)
 y - a wand of iceblast (10)
 B - a wand of polymorph (15)
Scrolls
 b - 3 scrolls of enchant armour
 g - 2 scrolls of enchant weapon
 j - 2 scrolls of fog
 k - a scroll of silence
 m - 2 scrolls of fear
 n - 2 scrolls of blinking
 o - 6 scrolls of remove curse
 q - 2 scrolls of magic mapping
 G - a scroll of teleportation
 I - a scroll of random uselessness {unknown}
Potions
 a - a potion of berserk rage {unknown}
 e - 2 potions of curing
 h - a potion of haste {unknown}
 i - 4 potions of flight {unknown}
 l - 2 potions of heal wounds {unknown}
 p - 3 potions of agility
 r - 3 potions of resistance {unknown}
 v - a potion of degeneration {unknown}
 z - a potion of lignification {unknown}
 C - a potion of mutation {unknown}
 F - a potion of brilliance {unknown}
Comestibles
 f - 11 rations


   Skills:
 + Level 7.4 Fighting
 + Level 11.8 Axes
 + Level 8.0 Armour
 + Level 2.1 Dodging
 + Level 0.7 Stealth
 + Level 7.5 Shields
 + Level 2.1 Invocations


You had 10 spell levels left.
You didn't know any spells.
Your spell library was empty.

Dungeon Overview and Level Annotations

Branches:
Dungeon (10/15)            Temple (1/1) D:5            Lair (0/6) D:9
    Orc (1/2) D:10

Altars:
Ashenzari
Dithmenos
Elyvilon
Fedhas
Gozag
Hepliaklqana
Kikubaaqudgha
Nemelex Xobeh
Okawaru
Ru
Sif Muna
Trog
Uskayaw
Vehumet
Wu Jian
Xom
Yredelemnul
Zin
The Shining One

Shops:
D:8 %


Innate Abilities, Weirdness & Mutations

You have a pair of small antennae on your head.
You are mostly covered in molten scales. (AC +3)
You are slightly more attuned to the shadows.
You regenerate health from kills.


Message History

The orc warrior is almost dead.
You feel very sick.
The orc warrior hits you with a +2 glaive of venom!
* * * LOW HITPOINT WARNING * * *
You are lethally poisoned!
You feel better.
The orc warrior hits you but does no damage.
You are poisoned.
You completely miss the orc warrior.
The orc warrior is almost dead.
You feel sick.
The orc warrior hits you with a +2 glaive of venom!
* * * LOW HITPOINT WARNING * * *
You are more poisoned.
Your plate armour prevents you from hitting the orc warrior.
The orc warrior is almost dead.
* * * LOW HITPOINT WARNING * * *
You feel sick.
The orc warrior hits you with a +2 glaive of venom!!
You die...

#..................##
##....#.#...........#
#######..........#....##
#.....................#
..≈≈≈≈≈≈≈..≈≈≈≈≈≈≈.....##
..≈######''######≈......#
.. #..#...[#≈.....##
#..#o...#≈......#
+..@....#≈.......#
#..#....#≈......##
#..#$..)#≈....###
#########≈.....#
≈≈......# ........#


You could see an orc warrior.

Vanquished Creatures
  A centaur warrior (D:8)
  Erica (Orc:1)
  A two-headed ogre (D:10)
  An unseen horror (D:10)
  A queen bee (D:8)
  2 trolls (D:10)
  2 hornets
  2 hippogriffs
  3 yaks (D:10)
  3 hungry ghosts
  Menkaure (D:7)
  2 wargs (Orc:1)
  A water moccasin (D:8)
  3 porcupines (D:9)
  6 orc warriors
  2 sky beasts
  An ice beast (D:6)
  3 phantoms
  4 ogres
  3 black bears (D:9)
  4 centaurs
  3 necrophages
  2 wolves (D:9)
  3 crocodiles (D:9)
  3 big kobolds
  4 bullfrogs
  A wyvern zombie (D:10)
  A wyvern skeleton (D:10)
  4 scorpions
  27 killer bees
  8 wights
  8 howler monkeys
  A crimson imp (D:7)
  2 bullfrog zombies (D:6)
  A quasit (D:7)
  A centaur skeleton (D:8)
  2 jellies
  Crazy Yiuf (D:6)
  3 hounds
  8 orc wizards
  A bullfrog skeleton (D:5)
  4 orc priests
  Jessica (D:2)
  Natasha (thrice) (D:2)
  5 iguanas
  6 worker ants
  A killer bee zombie (D:6)
  A hound skeleton (D:9)
  A hound zombie (D:7)
  A worker ant zombie (D:9)
  A howler monkey skeleton (D:6)
  4 gnolls (D:8)
  14 adders
  An ooze (D:7)
  An adder zombie (D:5)
  3 worms
  3 dart slugs
  5 leopard geckos
  60 orcs
  3 ball pythons
  7 bats
  10 giant cockroaches
  6 goblins
  12 hobgoblins
  13 jackals
  4 quokkas
  4 frilled lizards
  18 kobolds
  A quokka skeleton (D:5)
  11 rats
335 creatures vanquished.

Notes
Turn   | Place    | Note
-------+----------+-------------------------------------------
     0 | D:1      | galech the Demonspawn Fighter began the quest for the Orb.
     0 | D:1      | Reached XP level 1. HP: 18/18 MP: 1/1
   216 | D:1      | Gained mutation: You are partially covered in molten
                  | scales. (AC +2) [demonic ancestry]
   216 | D:1      | Reached XP level 2. HP: 24/24 MP: 2/2
   236 | D:1      | Reached skill level 2 in Axes
   759 | D:1      | Gained mutation: You regenerate a little health from kills.
                  | [demonic ancestry]
   759 | D:1      | Reached XP level 3. HP: 29/29 MP: 3/3
  1005 | D:2      | Noticed Jessica
  1018 | D:2      | Killed Jessica
  1175 | D:2      | Reached XP level 4. HP: 26/35 MP: 4/4
  1413 | D:2      | Noticed a sky beast
  1427 | D:2      | Killed a sky beast
  1427 | D:2      | Reached skill level 3 in Axes
  1427 | D:2      | Reached XP level 5. HP: 33/41 MP: 5/5
  1466 | D:2      | Noticed Natasha
  1486 | D:2      | Killed Natasha
  2073 | D:2      | Noticed Natasha
  2077 | D:2      | Killed Natasha
  2077 | D:2      | Reached skill level 1 in Dodging
  2146 | D:2      | Noticed Natasha
  2151 | D:2      | Killed Natasha
  2151 | D:2      | Gained mutation: You have a pair of small antennae on your
                  | head. [demonic ancestry]
  2151 | D:2      | Reached XP level 6. HP: 36/47 MP: 6/6
  2389 | D:3      | Reached skill level 4 in Axes
  2684 | D:3      | Found an ornate altar of the Wu Jian Council.
  2687 | D:3      | Found a shadowy altar of Dithmenos.
  2688 | D:3      | Found a shimmering altar of Xom.
  2688 | D:3      | Found a hazy altar of Hepliaklqana.
  3508 | D:4      | Found a white marble altar of Elyvilon.
  3565 | D:4      | Gained mutation: You are mostly covered in molten scales.
                  | (AC +3) [demonic ancestry]
  3565 | D:4      | Reached XP level 7. HP: 53/53 MP: 7/7
  3673 | D:4      | Found a sparkling altar of Nemelex Xobeh.
  3881 | D:5      | Entered Level 5 of the Dungeon
  3881 | D:5      | Found a staircase to the Ecumenical Temple.
  3914 | Temple   | Entered the Ecumenical Temple
  3940 | Temple   | Became a worshipper of Warmaster Okawaru
  3962 | D:5      | Reached skill level 5 in Axes
  4666 | D:5      | Reached XP level 8. HP: 47/61 MP: 8/8
  4733 | D:6      | Reached * piety under Okawaru
  4733 | D:6      | Reached skill level 6 in Axes
  4861 | D:6      | Reached skill level 5 in Shields
  5051 | D:6      | Found a runed translucent door.
  5052 | D:6      | Noticed Crazy Yiuf
  5321 | D:6      | Reached skill level 5 in Armour
  5328 | D:6      | Reached ** piety under Okawaru
  5328 | D:6      | Reached skill level 7 in Axes
  5346 | D:6      | Reached skill level 5 in Fighting
  5527 | D:6      | Gained mutation: You are slightly more attuned to the
                  | shadows. [demonic ancestry]
  5527 | D:6      | Reached XP level 9. HP: 63/68 MP: 9/9
  5778 | D:6      | Killed Crazy Yiuf
  5889 | D:7      | Reached skill level 8 in Axes
  6153 | D:7      | Noticed Menkaure
  6166 | D:6      | Reached *** piety under Okawaru
  6401 | D:7      | Killed Menkaure
  6610 | D:7      | Reached skill level 9 in Axes
  6647 | D:7      | Found a radiant altar of Vehumet.
  6732 | D:7      | Reached skill level 1 in Invocations
  6990 | D:7      | Found a basalt altar of Yredelemnul.
  6990 | D:7      | Found a hide-covered altar of Uskayaw.
  7148 | D:7      | Found a glowing golden altar of the Shining One.
  7314 | D:7      | Gained mutation: You regenerate health from kills. [demonic
                  | ancestry]
  7314 | D:7      | Reached XP level 10. HP: 76/76 MP: 10/10
  7346 | D:8      | Reached **** piety under Okawaru
  7429 | D:8      | Found Hootiquf's Food Shoppe.
  7549 | D:8      | Noticed a centaur warrior
  7892 | D:8      | Killed a centaur warrior
  7892 | D:8      | Reached ***** piety under Okawaru
  8102 | D:8      | Found a glowing silver altar of Zin.
  8491 | D:9      | Received a gift from Okawaru
  8491 | D:9      | Reached skill level 10 in Axes
  8496 | D:9      | Got an iridescent battleaxe {god gift}
  8535 | D:9      | Found a deep blue altar of Sif Muna.
  8603 | D:9      | Found a staircase to the Lair.
  9695 | D:8      | Found a shattered altar of Ashenzari.
 10249 | D:9      | Reached XP level 11. HP: 73/83 MP: 12/12
 10323 | D:10     | Entered Level 10 of the Dungeon
 10414 | D:10     | Identified the +6 battleaxe of Nean {vamp, Str+4} (Okawaru
                  | gifted it to you on level 9 of the Dungeon)
 10548 | D:10     | Found a staircase to the Orcish Mines.
 10683 | D:10     | Paralysed by a hornet for 3 turns
 10938 | D:10     | Noticed a two-headed ogre
 10948 | D:10     | Killed a two-headed ogre
 10948 | D:10     | Reached skill level 11 in Axes
 11040 | D:10     | Killed an unseen horror
 11151 | D:10     | Received a gift from Okawaru
 11257 | Orc:1    | Entered Level 1 of the Orcish Mines
 11259 | Orc:1    | Noticed Erica
 11279 | Orc:1    | Killed Erica
 11540 | Orc:1    | Demolished by an orc warrior

Levels and vault maps discovered:
D:1:      dpeg_arrival_rooms_b, layout_basic
D:2:      layout_basic, skrybe_limestone_x, chequers_arboretum,
          kennysheep_generic_room_9, uniq_natasha, uniq_jessica
D:3:      layout_basic, grunt_temple_overflow_open
D:4:      layout_loops_cross, elyvilon_altar_4,
          nemelex_xobeh_ov_fountains_minmay, first_ration
D:5:      layout_rooms, temple_pool_b
D:6:      layout_loops_ring, uniq_crazy_yiuf_cottage
D:7:      hangedman_cross_stitches, layout_cave_pools,
          lemuel_coloured_pillars_altar, vehumet_crystals,
          chequers_temple_overflow_statue_of_worship, uniq_menkaure
D:8:      layout_loops_ring, nicolae_overflow_hidden_temple,
          nicolae_ashenzari_panopticon, serial_shops, shop, david_nohive_1
D:9:      layout_rooms, nicolae_overflow_crystal_walls, minmay_lair_entry_grove,
          hex_tiny
D:10:     layout_roguey, hiddenorc1_lemuel
Temple:   compressed_dpeg_triangle_lava_temple
Orc:1:    layout_caves, nooodl_orcs_dogs, uniq_erica

Skill      XL: |  1  2  3  4  5  6  7  8  9 10 11 |
---------------+----------------------------------+-----
Shields        | 3 4 5 6 7 |  7.5
Axes           | 2 3 4 5 7 9 10 11 | 11.8
Armour         | 3 4 5 6 7 8 |  8.0
Dodging        | 1 2 |  2.1
Fighting       | 4 5 6 7 |  7.4
Invocations    | 1 2 |  2.1
Stealth        | |  0.7

Action                   |  1- 3 |  4- 6 |  7- 9 | 10-12 || total
-------------------------+-------+-------+-------+-------++-------
Melee: War axe           |    93 |   181 |       |       ||   274
       Broad axe         |       |     6 |   448 |   391 ||   845
       Battleaxe         |       |       |       |   128 ||   128
Invok: Heroism           |       |       |     5 |     5 ||    10
  Use: Potion            |       |     1 |     3 |     1 ||     5
       Scroll            |       |     5 |     1 |     7 ||    13
  Eat: Chunk             |     1 |     8 |    11 |    60 ||    80
       Ration            |       |       |     1 |     3 ||     4
Armor: Scale mail        |    38 |    71 |       |       ||   109
       Chain mail        |       |       |   103 |       ||   103
       Plate armour      |       |       |   294 |   358 ||   652
Dodge: Dodged            |    30 |    68 |   131 |   161 ||   390
Block: Shield            |    63 |    94 |   329 |   272 ||   758

Table legend:
 A = Non-vault XP
 B = Vault XP
 C = Vault XP percentage of total XP
 D = Non-vault monster count
 E = Vault monster count
 F = Vault count percentage of total count
                 A         B        C        D         E       F
            +---------+---------+-------+---------+---------+-------
      Total |   12198 |    5156 |  29.7 |     271 |      63 |  18.9
            +---------+---------+-------+---------+---------+-------
        D:1 |      43 |       0 |   0.0 |      25 |       0 |   0.0
        D:2 |     296 |      74 |  20.0 |      25 |       3 |  10.7
        D:3 |     111 |       0 |   0.0 |      33 |       0 |   0.0
        D:4 |     312 |       0 |   0.0 |      16 |       0 |   0.0
        D:5 |     507 |       0 |   0.0 |      20 |       0 |   0.0
        D:6 |    1581 |      42 |   2.6 |      38 |       1 |   2.6
        D:7 |    1430 |    1136 |  44.3 |      28 |      12 |  30.0
        D:8 |    2473 |     982 |  28.4 |      32 |      12 |  27.3
        D:9 |     424 |    1490 |  77.8 |      10 |      13 |  56.5
       D:10 |    4684 |     170 |   3.5 |      36 |      16 |  30.8
     Temple |     130 |       0 |   0.0 |       4 |       0 |   0.0
      Orc:1 |     207 |    1262 |  85.9 |       4 |       6 |  60.0
            +---------+---------+-------+---------+---------+-------
